 Dungeon Crawl Stone Soup version 0.26.1-10-gdfb7c7de75 (webtiles) character file.

Game seed: 17100167102773017879

2165 infcreate the Covert (level 9, -4/50 HPs)
             Began as a Vampire Enchanter on Apr 7, 2021.
             Hit by a boomerang thrown by an orc warrior (22 damage)
             ... on level 7 of the Dungeon.
             The game lasted 00:39:38 (8079 turns).

infcreate the Covert (Vampire Enchanter)            Turns: 8079, Time: 00:39:38

Health: -4/50      AC:  4    Str:  7    XL:     9   Next: 10%
Magic:  12/14      EV: 16    Int: 18    God:
Gold:   325        SH:  0    Dex: 17    Spells: 3/15 levels left

rFire    . . .     SeeInvis +   a - +1 dagger
rCold    + + .     Faith    .   (no shield)
rNeg     + + +     Spirit   .   b - +0 robe
rPois    ∞         Reflect  .   l - +0 helmet
rElec    .         Harm     .   (no cloak)
rCorr    .         Rampage  .   t - +0 pair of gloves
Will     .....                  (no boots)
Stlth    ++++++....             (no amulet)
HPRegen  0.00/turn              (no ring)
MPRegen  0.14/turn              (no ring)

@: bloodless
A: fangs 3, see invisible, unbreathing
a: Bat Form, Revivify


You were on level 7 of the Dungeon.
You visited 1 branch of the dungeon, and saw 7 of its levels.

You collected 325 gold pieces.


Innate Abilities, Weirdness & Mutations

You do not regenerate when monsters are visible.
You are frail without blood (-20% HP).
You can heal yourself when you bite living creatures.
You are immune to poison.
You have razor-sharp teeth.
You have supernaturally acute eyesight. (SInv)
You can survive without breathing.


   Skills:
 + Level 3.1 Fighting
 * Level 5.8 Short Blades
 * Level 6.3 Dodging
 * Level 9.3 Stealth
 + Level 3.9 Spellcasting
 * Level 9.1 Hexes


You had 3 spell levels left.
You knew the following spells:

 Your Spells              Type           Power        Failure   Level
c - Corona                Hex            40%          1%          1
d - Tukima's Dance        Hex            36%          1%          3
e - Ensorcelled Hibernat  Hex/Ice        38%          3%          2
f - Dazzling Flash        Conj/Hex       38%          7%          3
t - Confusing Touch       Hex            36%          1%          3

Your spell library contained the following spells:

 Spells                   Type           Power        Failure   Level


Inventory:

Hand Weapons
 a - a +1 dagger (weapon)
 p - the +7 Singing Sword {vorpal, sonic wave}
   (You found it on level 4 of the Dungeon)

   It inflicts extra damage upon your enemies.
Armour
 b - a +0 robe (worn)
 l - a +0 helmet (worn)
 t - a +0 pair of gloves (worn)
Magical Staves
 v - an uncursed staff of poison {!a}
Wands
 k - a wand of enslavement (5)
Scrolls
 c - 3 scrolls of teleportation {@r4}
 d - a scroll of enchant weapon {unknown}
 e - a scroll of identify {@r1}
 f - a scroll of fear
 i - a scroll of remove curse {@r2}
 j - a scroll of amnesia
 m - a scroll of random uselessness {unknown}
 q - a scroll of noise {unknown}
 u - a scroll of enchant armour {unknown}
 w - 2 scrolls of immolation {unknown}
Potions
 g - 2 potions of curing {@q1}
 h - 2 potions of ambrosia
 n - a potion of brilliance {unknown}
 o - a potion of heal wounds {@q2}
 r - a potion of haste {unknown}
 s - a potion of magic {unknown}

Dungeon Overview and Level Annotations

Branches:
Dungeon (7/15)             Temple (0/1) D:7

Altars:
Wu Jian

Shops:
D:7

? *,, ########*,* *********
#......#*,* *,,,,,,,*
#......#*,, *,,,,,,,*
#......#*** *>,,,,,,* #......#
***,,,,,,.#############o.....#
*
,,,,,,,,,.............oo.....#
*
***,,,,,,.######@######o.....#
* *,,,,,,,* #.# #......# *
********* #.# #####.##* *
***** #.# *,...* * ,,,,** #.#
***,,..# * ,,,,,* #.#
*,,,,,.#** ****,** #.#
*,,,,,,,,, *,,* #.# *,,,,,****
**,**▒▒▒▒▒▒▒#.# *******


You could see an orc warrior and 2 orcs.


Message History

You kill the orc wizard!
You hear the creaking of a distant portcullis.
The orc warrior shouts!
The orc priest shouts!
The orc shouts!
The orc warrior hits you but does no damage.
Things that are here:
a cursed -1 dagger; a +0 robe The orc warrior throws a boomerang.
The boomerang barely misses you.
The weapon returns to the orc warrior!
There is an open door here.
Casting: Confusing Touch (safe; 1% risk of failure)
Confirm with . or Enter, or press ? or * to list all spells.
Aiming: Ensorcelled Hibernation (safe; 3% risk of failure)
Press: ? - help, Shift-Dir - straight line, f - orc
Aim: an orc, wielding a +0 club and wearing a +0 scale mail (chance to affect: 67%)
The orc struggles to resist.
The orc priest calls down the wrath of Beogh upon you.
Beogh smites you!
Casting: Ensorcelled Hibernation (safe; 3% risk of failure)
Confirm with . or Enter, or press ? or * to list all spells.
Okay, then.
The orc warrior throws a boomerang.
The boomerang completely misses you.
The weapon returns to the orc warrior!
The orc warrior throws a boomerang.
The boomerang hits you.
The weapon returns to the orc warrior!
A howler monkey skeleton comes into view.
The orc warrior throws a boomerang.
The boomerang hits you!
* * * LOW HITPOINT WARNING * * *
The howler monkey skeleton moves out of view.
The orc warrior throws a boomerang.
The boomerang hits you!!
You die...

Skill      XL: |  1  2  3  4  5  6  7  8  9 |
---------------+----------------------------+-----
Short Blades   | 2 3 4 5 |  5.8
Stealth        | 5 6 7 9 |  9.3
Hexes          | 5 6 7 8 9 |  9.1
Dodging        | 3 4 5 6 |  6.3
Fighting       | 1 2 3 |  3.1
Spellcasting   | 3 |  3.9

Action                   |  1- 3 |  4- 6 |  7- 9 || total
-------------------------+-------+-------+-------++-------
Melee: Dagger            |    83 |   121 |   166 ||   370
       Bite              |     1 |     6 |    11 ||    18
 Cast: Corona            |    15 |    13 |     3 ||    31
       Ensorcelled Hiber |    21 |    47 |    28 ||    96
       Confusing Touch   |       |     1 |    13 ||    14
 Abil: Exsanguinate      |     1 |       |       ||     1
  Use: Scroll            |     3 |     3 |     4 ||    10
 Stab: Sleeping          |    22 |    45 |    34 ||   101
       Confused          |       |     1 |    15 ||    16
       Held in net/web   |       |     2 |       ||     2
Armor: Robe              |    16 |    18 |    16 ||    50
Dodge: Dodged            |    56 |    70 |    71 ||   197

Levels and vault maps discovered:
D:1:      dpeg_arrival_long_road, layout_basic
D:2:      layout_rooms
D:3:      layout_loops_corners, uniq_ijyb, uniq_robin
D:4:      old_forge, layout_basic
D:5:      layout_layer_cave, pdpol_wu_jian_five_deadly_venoms, st_stairs_7,
          minmay_misc_feat_secret_circle
D:6:      layout_basic, st_stairs_11, minmay_divided_ellipse
D:7:      layout_basic, minmay_temple_entry_enclosed_plants, enter_bailey_6,
          serial_shops, kennysheep_little_box

Notes
Turn   | Place    | Note
-------+----------+-------------------------------------------
     0 | D:1      | infcreate the Vampire Enchanter began the quest for the
                  | Orb.
     0 | D:1      | Reached XP level 1. HP: 13/13 MP: 3/3
   211 | D:1      | Reached XP level 2. HP: 10/15 MP: 1/5
   214 | D:1      | Learned a level 2 spell: Ensorcelled Hibernation
  1454 | D:2      | Reached XP level 3. HP: 20/20 MP: 1/6
  1458 | D:2      | Learned a level 3 spell: Confusing Touch
  1903 | D:3      | Noticed Ijyb
  1908 | D:2      | Killed Ijyb
  1909 | D:2      | Reached skill level 2 in Short Blades
  1909 | D:2      | Reached skill level 5 in Stealth
  1909 | D:2      | Reached skill level 5 in Hexes
  2034 | D:2      | Reached XP level 4. HP: 7/24 MP: 0/7
  2314 | D:3      | Reached skill level 3 in Dodging
  2525 | D:3      | Reached skill level 1 in Fighting
  2610 | D:3      | Noticed Robin
  2777 | D:2      | Killed Robin
  2950 | D:3      | Reached XP level 5. HP: 29/29 MP: 4/8
  4087 | D:4      | Reached skill level 3 in Short Blades
  4155 | D:4      | Reached skill level 6 in Hexes
  4155 | D:4      | Reached XP level 6. HP: 34/34 MP: 9/9
  4159 | D:4      | Learned a level 3 spell: Tukima's Dance
  4300 | D:4      | Reached skill level 6 in Stealth
  4454 | D:4      | Reached skill level 4 in Dodging
  4744 | D:4      | Found the +7 Singing Sword {vorpal, sonic wave}
  4802 | D:4      | Reached XP level 7. HP: 39/39 MP: 9/11
  4856 | D:5      | Entered Level 5 of the Dungeon
  4949 | D:5      | Reached skill level 2 in Fighting
  4949 | D:5      | Reached skill level 4 in Short Blades
  4949 | D:5      | Reached skill level 7 in Stealth
  4977 | D:5      | Reached skill level 3 in Spellcasting
  4977 | D:5      | Reached skill level 7 in Hexes
  5160 | D:5      | Found an ornate altar of the Wu Jian Council.
  5165 | D:5      | Noticed a spectral centipede
  5165 | D:5      | Noticed a spectral black mamba
  5165 | D:5      | Noticed a spectral cane toad
  5644 | D:5      | Reached skill level 5 in Dodging
  5644 | D:5      | Reached XP level 8. HP: 44/44 MP: 9/12
  6533 | D:6      | Reached skill level 8 in Stealth
  6624 | D:6      | Learned a level 3 spell: Dazzling Flash
  6730 | D:6      | Reached skill level 8 in Hexes
  6835 | D:6      | Reached skill level 5 in Short Blades
  6860 | D:6      | Noticed a kobold demonologist
  6895 | D:6      | Killed a kobold demonologist
  6915 | D:6      | Reached skill level 6 in Dodging
  7161 | D:6      | Reached skill level 9 in Stealth
  7538 | D:6      | Reached skill level 3 in Fighting
  7674 | D:6      | Reached XP level 9. HP: 50/50 MP: 8/14
  7866 | D:7      | Reached skill level 9 in Hexes
  8041 | D:7      | Found Yniasm's Magic Scroll Boutique.
  8079 | D:7      | Hit by a boomerang thrown by an orc warrior

Vanquished Creatures
  A kobold demonologist (D:6)
  A sky beast (D:5)
  An ice beast (D:5)
  2 black bears
  2 ogres
  2 centaurs
  2 bullfrogs (D:6)
  5 scorpions (D:4)
  A wight (D:6)
  A bullfrog zombie (D:6)
  An orc priest (D:3)
  3 hounds
  2 jellies
  A centaur skeleton (D:4)
  Ijyb (D:2)
  A bullfrog skeleton (D:5)
  2 iguanas
  3 orc wizards
  3 worker ants
  A hound skeleton (D:6)
  A worker ant zombie (D:7)
  Robin (D:2)
  11 adders
  A white imp (D:5)
  An ooze (D:3)
  An adder skeleton (D:5)
  A worm (D:3)
  2 dart slugs
  3 leopard geckos
  25 orcs
  A ball python (D:1)
  18 bats
  3 giant cockroaches
  16 goblins
  5 hobgoblins
  7 jackals
  3 kobolds
  7 frilled lizards
  A quokka zombie (D:6)
  6 rats
150 creatures vanquished.

Vanquished Creatures (others)
  3 fungi (D:4)
3 creatures vanquished.

Grand Total: 153 creatures vanquished

Table legend: (Time is in decaauts)
 A = Elapsed time spent in this place.
 B = Non-inter-level travel time spent in this place.
 C = Inter-level travel time spent in this place.
 D = Time resting spent in this place.
 E = Time spent auto-exploring this place.
 F = Levels seen in this place.
 G = Mean time per level.
                   A        B        C        D        E       F      G
               +--------+--------+--------+--------+--------+-----+--------+
         Total |   8022 |   7266 |    756 |   2582 |    264 |   7 | 1146.0 |
       Dungeon |   8022 |   7266 |    756 |   2582 |    264 |   7 | 1146.0 |
               +--------+--------+--------+--------+--------+-----+--------+

Top non-repeatable levels by time:
     D:6: 1480 daAuts
     D:5: 1440 daAuts
     D:3: 1388 daAuts
     D:2: 1345 daAuts
     D:1: 1339 daAuts
     D:4: 766 daAuts
     D:7: 261 daAuts

Table legend:
 A = Non-vault XP
 B = Vault XP
 C = Vault XP percentage of total XP
 D = Non-vault monster count
 E = Vault monster count
 F = Vault count percentage of total count
                 A         B        C        D         E       F
            +---------+---------+-------+---------+---------+-------
      Total |    1825 |    1269 |  41.0 |     111 |      39 |  26.0
            +---------+---------+-------+---------+---------+-------
        D:1 |      36 |       0 |   0.0 |      20 |       0 |   0.0
        D:2 |      36 |      61 |  62.9 |      13 |       7 |  35.0
        D:3 |     190 |      12 |   5.9 |      34 |       6 |  15.0
        D:4 |     285 |     309 |  52.0 |       7 |      14 |  66.7
        D:5 |     692 |       0 |   0.0 |      17 |       0 |   0.0
        D:6 |     353 |     887 |  71.5 |      15 |      12 |  44.4
        D:7 |     233 |       0 |   0.0 |       5 |       0 |   0.0
            +---------+---------+-------+---------+---------+-------
